 Dungeon Crawl Stone Soup version 0.26-a0-646-g5d7718319a (webtiles) character file.

Game seed: 1595107075566360371

11249 Ijustatesigmund the Fighter (level 11, -2/89 HPs)
             Began as a Demonspawn Fighter on Sept 23, 2020.
             Was an Elder of Okawaru.
             Killed from afar by an efreet (18 damage)
             ... with a bolt of fire
             ... on level 10 of the Dungeon on Sept 24, 2020.
             The game lasted 00:24:52 (10492 turns).

Ijustatesigmund the Fighter (Demonspawn Fighter)   Turns: 10492, Time: 00:24:54

Health: -2/89      AC: 15    Str: 16    XL:     11   Next: 46%
Magic:  16/18      EV: 18    Int: 11    God:    Okawaru [****..]
Gold:   564        SH: 13    Dex: 15    Spells: 10/10 levels left

rFire    . . .     SeeInvis .   a - +2 war axe
rCold    . . .     Faith    .   c - +1 kite shield
rNeg     + . .     Spirit   .   b - +0 troll leather armour
rPois    .         Reflect  .   h - +0 helmet
rElec    .         Harm     .   v - +1 cloak
rCorr    +         Rampage  .   (no gloves)
MR       .....                  q - +1 pair of boots
Stlth    ++++......             (no amulet)
HPRegen  0.64/turn              e - ring of resist corrosion
MPRegen  0.16/turn              s - ring of stealth

@: heroism
A: hooves 2, negative energy resistance 1, spiny 1, rot immunity, sharp scales 3
a: Heroism, Renounce Religion


You were on level 10 of the Dungeon.
You worshipped Okawaru.
Okawaru was greatly pleased with you.
You visited 2 branches of the dungeon, and saw 11 of its levels.

You collected 564 gold pieces.

Inventory:

Hand Weapons
 a - a +2 war axe (weapon)
Missiles
 x - 5 atropa-tipped darts (quivered)
Armour
 b - a +0 troll leather armour (worn)
 c - a +1 kite shield (worn)
 h - a +0 helmet (worn)
 q - a +1 pair of boots (worn)
 v - a +1 cloak (worn)
Jewellery
 e - a ring of resist corrosion (left hand)
 o - the ring "Haos" {Fire *Corrode rN+++ Int+2 Dex+2}
   (You found it on level 4 of the Dungeon)

   [ring of fire]

   It enhances your fire magic.
   It affects your intelligence (+2).
   It affects your dexterity (+2).
   It protects you from fire.
   It makes you vulnerable to cold.
   It renders you almost immune to negative energy.
   It may corrode you when you take damage.
 s - a ring of stealth (right hand)
 u - a +6 ring of intelligence
Wands
 n - a wand of disintegration (8)
 p - a wand of flame (8)
 w - a wand of enslavement (7)
 A - a wand of paralysis (10)
Scrolls
 f - 2 scrolls of identify
 g - 7 scrolls of remove curse
 l - 3 scrolls of teleportation
Potions
 d - a potion of might
 i - 3 potions of flight
 j - a potion of invisibility
 k - 4 potions of curing
 m - a potion of brilliance
 r - 2 potions of stabbing
 t - 3 potions of haste
 z - a potion of cancellation
Miscellaneous
 y - a phantom mirror


   Skills:
 - Level 9.5(14.5) Fighting
 - Level 9.3(14.3) Axes
 + Level 1.9(6.9) Throwing
 - Level 5.8(10.8) Armour
 - Level 5.3(10.3) Dodging
 - Level 5.8(10.8) Shields
 + Level 9.3 Invocations


You had 10 spell levels left.
You didn't know any spells.
Your spell library contained the following spells:

 Spells                   Type           Power        Failure   Level
 Beastly Appendage        Tmut           #.....       56%         1
 Summon Small Mammal      Summ           #...         56%         1
 Call Imp                 Summ           #.......     71%         2
 Wereblood                Tmut           #.......     71%         2
 Call Canine Familiar     Summ           #.......     91%         3
 Spider Form              Tmut/Pois      #.........   91%         3
 Summon Guardian Golem    Hex/Summ       #.......     91%         3
 Ice Form                 Ice/Tmut       #.......     100%        4
 Summon Ice Beast         Ice/Summ       #.......     100%        4
 Summon Lightning Spire   Summ/Air       #.......     100%        4
 Blade Hands              Tmut           #.........   100%        5


Dungeon Overview and Level Annotations

Branches:
Dungeon (10/15)            Temple (1/1) D:7            Lair (0/6) D:8
    Orc (0/2) D:10

Altars:
Cheibriados
Hepliaklqana
Kikubaaqudgha
Makhleb
Nemelex Xobeh
Okawaru
Sif Muna
Trog
Wu Jian
Xom
Zin

Shops:
D:7 (


Innate Abilities, Weirdness & Mutations

You have hoof-like feet.
You resist negative energy. (rN+)
You are partially covered in sharp spines.
You are immune to rotting.
You are completely covered in razor-sharp scales. (AC +3, Slay +3)


Message History

Okay, then.
You gain the combat prowess of a mighty hero.
The efreet hits you with a +3 scimitar of flaming!
The efreet burns you.
You slice the efreet!!
The efreet is heavily wounded.
The efreet gestures at you.
The fireball explodes!
The fireball engulfs you!
* * * LOW HITPOINT WARNING * * *
The fireball engulfs the efreet.
The efreet completely resists.
You slash the efreet!
The efreet is almost dead.
You block the efreet's attack.
You barely miss the efreet.
The efreet is almost dead.
You hit the efreet.
The efreet is almost dead.
The efreet gestures at you. The bolt of fire hits you!!
You die...

#..##.#..# #..
#...#.##.# #..
#.#)).##.# #.)
#.##..##.#####
##.##..##...# ###
#####..########.###
##...#....(## #..†.
#.........## #####
.......@:..# ####
......R........
.....
...........####
##### #.........##
##...#...##
#########


You could see an efreet.

Vanquished Creatures
  2 two-headed ogres
  Urug (D:10)
  2 unseen horrors (D:10)
  Pikel (D:6)
  A cyclops (D:7)
  A gargoyle (D:9)
  3 trolls
  A hippogriff (D:10)
  Sigmund (D:2)
  6 yaks (D:10)
  A water moccasin (D:9)
  3 sky beasts
  5 orc warriors
  5 phantoms
  2 black bears
  2 centaurs
  3 ogres
  A big kobold (D:9)
  A lemure (D:6)
  5 bullfrogs
  5 scorpions
  17 killer bees
  3 electric eels (D:6)
  A howler monkey (D:10)
  A bullfrog zombie (D:7)
  6 hounds
  A quasit (D:10)
  6 orc priests
  5 jellies
  10 orc wizards
  4 centaur skeletons
  5 iguanas
  9 worker ants
  A killer bee zombie (D:8)
  A hound zombie (D:7)
  Robin (D:2)
  4 gnolls (D:2)
  8 adders
  2 shadow imps
  3 white imps
  2 ufetubi
  2 adder skeletons (D:5)
  A worm (D:4)
  3 dart slugs
  12 leopard geckos
  47 orcs
  8 giant cockroaches
  17 goblins
  17 hobgoblins
  14 jackals
  11 kobolds
  2 quokkas
  2 ball pythons
  9 bats
  7 frilled lizards
  A jackal skeleton (D:5)
  A leopard gecko skeleton (D:9)
  4 rats
300 creatures vanquished.

Vanquished Creatures (others)
  4 plants (D:6)
4 creatures vanquished.

Grand Total: 304 creatures vanquished

Notes
Turn   | Place    | Note
-------+----------+-------------------------------------------
     0 | D:1      | Ijustatesigmund the Demonspawn Fighter began the quest for
                  | the Orb.
     0 | D:1      | Reached XP level 1. HP: 18/18 MP: 1/1
   165 | D:1      | Reached skill level 1 in Dodging
   165 | D:1      | Gained mutation: You are partially covered in razor-sharp
                  | scales. (AC +1, Slay +1) [demonic ancestry]
   165 | D:1      | Reached XP level 2. HP: 22/24 MP: 2/2
   296 | D:1      | Gained mutation: You are immune to rotting. [demonic
                  | ancestry]
   296 | D:1      | Reached XP level 3. HP: 29/29 MP: 3/3
   732 | D:2      | Noticed Robin
   749 | D:2      | Killed Robin
   749 | D:2      | Gained mutation: You are partially covered in sharp spines.
                  | [demonic ancestry]
   749 | D:2      | Reached XP level 4. HP: 26/35 MP: 4/4
   911 | D:2      | Noticed Sigmund
   925 | D:2      | Killed Sigmund
   925 | D:2      | Reached XP level 5. HP: 32/41 MP: 5/5
   925 | D:2      | Gained mutation: You have large cloven feet. [demonic
                  | ancestry]
   925 | D:2      | Reached XP level 6. HP: 37/47 MP: 6/6
  2437 | D:3      | Found a shimmering altar of Xom.
  3120 | D:4      | Gained mutation: You are mostly covered in razor-sharp
                  | scales. (AC +2, Slay +2) [demonic ancestry]
  3120 | D:4      | Reached XP level 7. HP: 49/53 MP: 7/7
  3287 | D:4      | Got a brightly glowing tin ring
  3791 | D:5      | Entered Level 5 of the Dungeon
  3804 | D:5      | Reached skill level 5 in Axes
  4029 | D:5      | Identified the ring "Haos" {Fire *Corrode rN+++ Int+2
                  | Dex+2} (You found it on level 4 of the Dungeon)
  4186 | D:5      | Found a shimmering blue altar of Sif Muna.
  4262 | D:5      | Gained mutation: You are completely covered in razor-sharp
                  | scales. (AC +3, Slay +3) [demonic ancestry]
  4262 | D:5      | Reached XP level 8. HP: 48/61 MP: 8/8
  4375 | D:5      | Found an ornate altar of the Wu Jian Council.
  4375 | D:5      | Found a burning altar of Makhleb.
  4745 | D:5      | Found a bloodstained altar of Trog.
  4929 | D:6      | Reached skill level 5 in Fighting
  5237 | D:6      | Noticed Pikel
  5254 | D:6      | Killed Pikel
  5254 | D:6      | Reached skill level 5 in Armour
  5254 | D:6      | Reached skill level 5 in Shields
  5576 | D:6      | Reached XP level 9. HP: 44/68 MP: 9/9
  5797 | D:6      | Upgraded the game from 0.26-a0-642-g67e99244d3 to
                  | 0.26-a0-646-g5d7718319a
  6244 | D:7      | Found a staircase to the Ecumenical Temple.
  6367 | D:7      | Found a hazy altar of Hepliaklqana.
  6609 | D:7      | Noticed a cyclops
  6634 | D:7      | Killed a cyclops
  6634 | D:7      | Reached skill level 5 in Dodging
  7212 | Temple   | Entered the Ecumenical Temple
  7216 | Temple   | Became a worshipper of Warmaster Okawaru
  7247 | D:7      | Found Cuenit's Weapon Shoppe.
  7424 | D:7      | Reached skill level 1 in Invocations
  7827 | D:8      | Found a shimmering altar of Xom.
  7926 | D:8      | Gained mutation: You resist negative energy. (rN+) [demonic
                  | ancestry]
  7926 | D:8      | Reached XP level 10. HP: 79/79 MP: 12/12
  7960 | D:8      | Found an iron altar of Okawaru.
  7981 | D:8      | Found a staircase to the Lair.
  7989 | D:8      | Reached * piety under Okawaru
  8074 | D:8      | Noticed a two-headed ogre
  8086 | D:8      | Killed a two-headed ogre
  8590 | D:8      | Reached skill level 5 in Invocations
  8732 | D:9      | Found a sparkling altar of Nemelex Xobeh.
  8815 | D:9      | Reached ** piety under Okawaru
  9239 | D:9      | Noticed a two-headed ogre
  9252 | D:9      | Killed a two-headed ogre
  9389 | D:9      | Got a masterwork long sword
  9390 | D:9      | Identified the +4 long sword of Recklessness {drain, rC+
                  | Int+2} (You found it on level 9 of the Dungeon)
  9425 | D:9      | Noticed a gargoyle
  9440 | D:9      | Killed a gargoyle
  9656 | D:10     | Entered Level 10 of the Dungeon
  9692 | D:10     | Reached *** piety under Okawaru
  9762 | D:10     | Gained mutation: You have hoof-like feet. [demonic
                  | ancestry]
  9762 | D:10     | Reached XP level 11. HP: 87/87 MP: 16/16
  9921 | D:10     | Noticed Urug
  9929 | D:10     | Killed an unseen horror
  9929 | D:10     | Reached **** piety under Okawaru
  9947 | D:10     | Killed Urug
  9947 | D:10     | HP: 4/89 [something (8)]
  9949 | D:10     | Found a staircase to the Orcish Mines.
 10132 | D:10     | Killed an unseen horror
 10300 | D:10     | Reached skill level 1 in Throwing
 10320 | D:10     | Found an ancient bone altar of Kikubaaqudgha.
 10492 | D:10     | Killed from afar by an efreet

Illustrated notes

Levels and vault maps discovered:
D:1:      zaba_arrival_water, layout_basic
D:2:      layout_loops_ring, chequers_avenue, uniq_sigmund, uniq_robin
D:3:      layout_basic, kennysheep_cross_bottleneck, tgw_xom
D:4:      layout_basic
D:5:      layout_gridville, gammafunk_temple_overflow_statue,
          lightli_temple_of_fire, led_sif_book
D:6:      layout_loops_ring, chequers_big_river, chequers_serial_rivers_marsh,
          uniq_pikel
D:7:      layout_gridville, old_standard_altar, minmay_temple_entry_trees,
          serial_shops, nicolae_shop_statue_plus
D:8:      layout_rooms, marbit_many_paths, dpeg_oklobed_lair,
          okawaru_ov_weapons_minmay
D:9:      layout_irregular_city, overflow_temple_1_default
D:10:     layout_rooms, david_orc_2, basic_altar, uniq_urug
Temple:   kb_temple_of_zot

Skill      XL: |  1  2  3  4  5  6  7  8  9 10 11 |
---------------+----------------------------------+-----
Axes           | 2 3 4 5 6 7 8 9 |  9.3
Dodging        | 1 2 3 4 5 |  5.3
Armour         | 3 4 5 |  5.8
Shields        | 3 4 5 |  5.8
Fighting       | 4 5 7 8 9 |  9.5
Invocations    | 2 7 9 |  9.3
Throwing       | 1 |  1.9

Action                   |  1- 3 |  4- 6 |  7- 9 | 10-12 || total
-------------------------+-------+-------+-------+-------++-------
Melee: War axe           |   106 |   131 |   244 |   284 ||   765
       Kick              |       |    21 |    35 |       ||    56
Throw: Dart              |       |       |     2 |     3 ||     5
Invok: Heroism           |       |       |       |     3 ||     3
Evoke: Wand              |       |       |    10 |     1 ||    11
  Use: Scroll            |     6 |     7 |     7 |     3 ||    23
       Potion            |       |     2 |     6 |     2 ||    10
 Stab: Invisible         |       |       |     1 |       ||     1
       Sleeping          |       |       |       |     1 ||     1
Armor: Scale mail        |    53 |    29 |       |       ||    82
       Skin              |       |    13 |       |       ||    13
       Chain mail        |       |       |   119 |    46 ||   165
       Troll leather arm |       |       |       |    64 ||    64
Dodge: Dodged            |    40 |    31 |    64 |   112 ||   247
Block: Kite shield       |    65 |    64 |   167 |   159 ||   455

Table legend: (Time is in decaauts)
 A = Elapsed time spent in this place.
 B = Non-inter-level travel time spent in this place.
 C = Inter-level travel time spent in this place.
 D = Time resting spent in this place.
 E = Time spent auto-exploring this place.
 F = Levels seen in this place.
 G = Mean time per level.
                   A        B        C        D        E       F      G
               +--------+--------+--------+--------+--------+-----+--------+
         Total |  10711 |  10436 |    275 |   2458 |   6115 |  11 |  973.7 |
       Dungeon |  10702 |  10431 |    271 |   2458 |   6115 |  10 | 1070.2 |
        Temple |      8 |      4 |      4 |      0 |      0 |   1 |    8.0 |
               +--------+--------+--------+--------+--------+-----+--------+

Top non-repeatable levels by time:
     D:7: 1582 daAuts
     D:6: 1289 daAuts
     D:3: 1283 daAuts
     D:9: 1216 daAuts
     D:4: 1074 daAuts
     D:5: 1047 daAuts
     D:2: 1045 daAuts
     D:8: 932 daAuts
    D:10: 730 daAuts
     D:1: 501 daAuts
  Temple: 8 daAuts
